 Dungeon Crawl Stone Soup version 0.28-a0-533-g9f97627e2a (webtiles) character file.

Game seed: 1543114830066610924

547 jt the Chopper (level 7, -5/53 HPs)
             Began as a Formicid Cinder Acolyte on Sept 25, 2021.
             Was a Priest of Ignis.
             Slain by Edmund (8 damage)
             ... on level 4 of the Dungeon.
             The game lasted 00:12:35 (6194 turns).

jt the Chopper (Formicid Cinder Acolyte)            Turns: 6194, Time: 00:12:36

Health: -5/53      AC:  8    Str: 18 (19) XL:     7   Next: 53%
Magic:  0/8        EV:  7    Int: 11 (14) God:    Ignis [***...]
Gold:   132        SH:  0    Dex:  6 (7)  Spells: 5/8 levels left

rFire   + + .      SeeInvis +   a - +0 hand axe (flame)
rCold   + . .      Faith    .   (no shield)
rNeg    . . .      Spirit   +   r - +0 chain mail
rPois   +          Reflect  .   (helmet unavailable)
rElec   +          Harm     .   (no cloak)
rCorr   +          Rampage  .   (no gloves)
Will    .....                   (no boots)
Stlth   ..........              h - amulet of guardian spirit
HPRegen 0.17/turn               (no ring)
MPRegen 0.11/turn               (no ring)

@: resistant, weak-willed
A: permanent stasis, dig shafts and tunnels, antennae 3, four strong arms
a: Dig, Shaft Self, Renounce Religion, Sea of Fire, Foxfire Swarm, Rising Flame


You were on level 4 of the Dungeon.
You worshipped Ignis.
Ignis was most pleased with you.
You visited 2 branches of the dungeon, and saw 5 of its levels.

You collected 132 gold pieces.

Inventory:

Hand Weapons
 a - a +0 hand axe of flaming (weapon)
 o - a +1 vampiric dagger
 x - a +0 trident
Missiles
 c - 99 stones
 d - 36 bolts
 f - 84 arrows
 i - 4 boomerangs of dispersal
 k - 66 sling bullets
Armour
 r - a +0 chain mail (worn)
 v - a +0 tower shield
Jewellery
 h - an amulet of guardian spirit (around neck)
Wands
 l - a wand of digging (5)
Scrolls
 e - a scroll of identify
 j - a scroll of amnesia
 p - 2 scrolls of enchant weapon
 s - a scroll of enchant armour {unknown}
 t - a scroll of fear {unknown}
 w - a scroll of fog {unknown}
Potions
 b - a potion of degeneration
 q - a potion of flight {unknown}
 u - a potion of haste {unknown}


   Skills:
 + Level 3.8 Fighting
 + Level 7.5 Axes
 + Level 1.7 Armour
 + Level 1.3 Shields
 - Level 1.1 Spellcasting
 - Level 3.0 Fire Magic


You had 5 spell levels left.
You knew the following spells:

 Your Spells              Type           Power      Damage    Failure   Level
a - Scorch                Fire           14%        2d6       90%         2
b - Magic Dart            Conj           0%         1d3       99%         1

Your spell library contained the following spells:

 Spells                   Type           Power      Damage    Failure   Level
 Foxfire                  Conj/Fire      12%        2x1d4     94%         1
 Beastly Appendage        Tmut           0%         N/A       99%         1
 Sting                    Tmut/Pois      0%         1d3       99%         1
 Call Imp                 Summ           0%         N/A       100%        2
 Mephitic Cloud           Conj/Pois/Air  0%         N/A       100%        3


Dungeon Overview and Level Annotations

Branches:
Dungeon (4/15)             Temple (1/1) D:4

Altars:
Ashenzari
Cheibriados
Dithmenos
Elyvilon
Fedhas
Gozag
Hepliaklqana
Kikubaaqudgha
Makhleb
Nemelex Xobeh
Okawaru
Qazlal
Ru
Sif Muna
Trog
Uskayaw
Vehumet
Wu Jian
Xom
Yredelemnul
Zin
The Shining One

Shops:
D:3 ?

Annotations:
D:4 Dowan, Duvessa, Edmund


Innate Abilities, Weirdness & Mutations

You cannot be hasted, slowed, berserked, paralysed or teleported.
You can dig through walls and to a lower floor.
You have a pair of large antennae on your head. (SInv)
Your four strong arms can wield two-handed weapons with a shield.


Message History

The foxfire hits Edmund but does no damage.
Edmund is severely wounded.
The foxfire hits Edmund.
Edmund is severely wounded.
The foxfire hits Edmund but does no damage.
Edmund is severely wounded.
The foxfire hits Edmund.
Edmund is severely wounded.
The foxfire hits Edmund but does no damage.
Edmund is severely wounded.
The foxfire hits Edmund.
Edmund is severely wounded.
The foxfire hits Edmund but does no damage.
Edmund is severely wounded.
The foxfire hits Edmund but does no damage.
Edmund is severely wounded.
Your foxfire dissipates!
The foxfire hits Edmund but does no damage.
Edmund is severely wounded.
The foxfire hits Edmund but does no damage.
Edmund is severely wounded.
Press: ? - help, v - describe, . - travel
Here: Edmund, wielding a +3 flail of holy wrath and wearing a +0 scale mail (severely wounded, weak-willed)
The floor.
You hit Edmund but do no damage.
Edmund is severely wounded.
Edmund hits you with a +3 flail of holy wrath.
* * * LOW HITPOINT WARNING * * *
It was a potion of degeneration.
There was something very wrong with that liquid.
You feel weakened.
You feel dopey.
You feel clumsy. Edmund barely misses you.
Press: ? - help, v - describe, . - travel
Here: Edmund, wielding a +3 flail of holy wrath and wearing a +0 scale mail (severely wounded, weak-willed)
The floor.
Okay, then.
It was a potion of resistance.
You feel protected.
Edmund hits you with a +3 flail of holy wrath!
You die...

############ #..........#
#.########.# #.# #.# #.# #.#
#######.########.###########
......).........@.........>#
.######.########@#######
#.###### .## #.# #...§....#
#.eoeJ.. ..#####.#
#........# #<######
........# #........# #.# ..
..########## #........#
#.#.###. ..[<.......#
#........# #.#...<.
..[.#.####†# #........#
#.#.§### ..#.#.# #.#
##......## #.#


You could see Edmund (weak-willed).

Vanquished Creatures
  Menkaure (D:4)
  A phantom (D:3)
  2 orc priests (D:3)
  Ijyb (D:3)
  An orc wizard (D:4)
  A hound skeleton (D:4)
  6 gnolls
  6 adders
  A shadow imp (D:3)
  An ufetubus (D:4)
  2 adder skeletons (D:4)
  2 dart slugs
  11 orcs
  7 endoplasms
  A giant cockroach (D:4)
  3 goblins
  12 hobgoblins
  5 jackals (D:2)
  5 kobolds
  2 quokkas
  6 ball pythons
  3 bats
  2 frilled lizards (D:1)
  9 rats
91 creatures vanquished.

Vanquished Creatures (others)
  68 foxfires
68 creatures vanquished.

Grand Total: 159 creatures vanquished

Notes
Turn   | Place    | Note
-------+----------+-------------------------------------------
     0 | D:1      | jt the Formicid Cinder Acolyte began the quest for the Orb.
     0 | D:1      | Reached XP level 1. HP: 18/18 MP: 2/2
   435 | D:1      | Reached XP level 2. HP: 21/24 MP: 3/3
   438 | D:1      | Learned a level 2 spell: Scorch
  1364 | D:2      | Reached skill level 4 in Axes
  1364 | D:2      | Reached XP level 3. HP: 29/29 MP: 1/4
  1442 | D:2      | Learned a level 1 spell: Magic Dart
  2021 | D:2      | Reached XP level 4. HP: 14/35 MP: 0/5
  2472 | D:2      | Found a faded altar of an unknown god.
  2866 | D:3      | Reached skill level 5 in Axes
  3014 | D:3      | Noticed Ijyb
  3036 | D:3      | Killed Ijyb
  3037 | D:3      | Reached XP level 5. HP: 18/41 MP: 1/6
  3810 | D:3      | Found Vomosch's Magic Scroll Emporium.
  4088 | D:3      | Reached skill level 6 in Axes
  4088 | D:3      | Reached XP level 6. HP: 38/47 MP: 3/7
  4646 | D:4      | Noticed Duvessa
  4647 | D:4      | Noticed Dowan
  5022 | D:3      | Reached skill level 7 in Axes
  5022 | D:3      | Reached XP level 7. HP: 27/52 MP: 5/8
  5191 | D:4      | Found a staircase to the Ecumenical Temple.
  5224 | Temple   | Entered the Ecumenical Temple
  5837 | D:4      | Noticed Menkaure
  5875 | D:4      | Killed Menkaure
  5876 | D:4      | Reached skill level 1 in Armour
  5876 | D:4      | Reached skill level 1 in Shields
  5994 | D:4      | Found a shimmering blue altar of Sif Muna.
  6004 | D:4      | Got Sif Muna's Tome of Transmutation
  6006 | D:4      | Got Sif Muna's Guide on Shape Shifting
  6008 | D:4      | Got Sif Muna's Handbook of Flames
  6170 | D:4      | Noticed Edmund
  6192 | D:4      | HP: 2/53 [Edmund (3)]
  6194 | D:4      | Slain by Edmund

Illustrated notes

Levels and vault maps discovered:
D:1:      evilmike_arrival_rings, layout_loops_ring,
          amcnicky_mini_rare_corridor_liquid, nrook_campfire
D:2:      layout_loops_ring, hellmonk_ecumenical_altar_crossroads,
          grunt_decor_junction, minmay_quantized
D:3:      layout_loops_ring, serial_shops, shop, uniq_ijyb
D:4:      layout_basic, nicolae_sif_muna_little_library,
          minmay_temple_entry_statues_fountains, uniq_edmund, uniq_menkaure,
          uniq_duvessa
Temple:   grunt_wide_crystal_templ

Skill      XL: |  1  2  3  4  5  6  7 |
---------------+----------------------+-----
Axes           | 4 5 6 7 |  7.5
Armour         | 1 |  1.7
Shields        | 1 |  1.3
Fighting       | |  3.8
Spellcasting   | |  1.1
Fire Magic     | |  3.0

Action                   |  1- 3 |  4- 6 |  7- 9 || total
-------------------------+-------+-------+-------++-------
Melee: Hand axe          |   104 |   161 |    75 ||   340
Throw: Stone             |     1 |     4 |     4 ||     9
       Boomerang         |       |       |     2 ||     2
 Cast: Scorch            |    18 |    21 |       ||    39
Invok: Foxfire Swarm     |     1 |     1 |     3 ||     5
 Abil: Dig               |       |       |     1 ||     1
  Use: Scroll            |       |     1 |     2 ||     3
       Potion            |       |       |     2 ||     2
 Stab: Sleeping          |     1 |       |       ||     1
Armor: Robe              |    10 |       |       ||    10
       Ring mail         |       |    18 |       ||    18
       Scale mail        |       |    48 |       ||    48
       Chain mail        |       |     5 |    26 ||    31
Dodge: Dodged            |    62 |    73 |    29 ||   164

Table legend: (Time is in decaauts)
 A = Elapsed time spent in this place.
 B = Non-inter-level travel time spent in this place.
 C = Inter-level travel time spent in this place.
 D = Time resting spent in this place.
 E = Time spent auto-exploring this place.
 F = Levels seen in this place.
 G = Mean time per level.
                   A        B        C        D        E       F      G
               +--------+--------+--------+--------+--------+-----+--------+
         Total |   6211 |   6055 |    156 |   2409 |   2191 |   5 | 1242.2 |
       Dungeon |   6038 |   5894 |    144 |   2316 |   2152 |   4 | 1509.5 |
        Temple |    173 |    161 |     12 |     93 |     39 |   1 |  173.0 |
               +--------+--------+--------+--------+--------+-----+--------+

Top non-repeatable levels by time:
     D:3: 1920 daAuts
     D:2: 1840 daAuts
     D:1: 1387 daAuts
     D:4: 890 daAuts
  Temple: 173 daAuts
